 Dungeon Crawl Stone Soup version 0.30.0-17-ge0270778cf (webtiles) character file.

Game seed: 4620352848208867295

54844 zazu2006 the Basher (level 14, 0/110 HPs)
             Began as a Gnoll Wanderer on May 21, 2023.
             Was a High Priest of Vehumet.
             Slain by a cyclops (22 damage)
             ... on level 11 of the Dungeon on May 22, 2023.
             The game lasted 01:04:04 (18167 turns).

zazu2006 the Basher (Gnoll Wanderer)               Turns: 18167, Time: 01:04:05

Health: 0/110      AC: 15    Str: 19    XL:     14   Next: 74%
Magic:  45/45      EV: 14    Int: 14    God:    Vehumet [*****.]
Gold:   2408       SH:  0    Dex: 11    Spells: 4/32 levels left

rFire   . . .        y - +7 scythe (venom)
rCold   . . .        (shield currently unavailable)
rNeg    . . .        P - +3 ring mail of Parlour Games {Regen+}
rPois   +            c - +1 hat {SInv}
rElec   .            (no cloak)
rCorr   .            t - +1 pair of gloves
SInv    +            J - +0 pair of boots
Will    +....        C - amulet "Tebogeuma" {RegenMP rPois MP+9}
Stlth   +++++        g - ring "Tute" {MP+9 Str+4 Stlth+}
HPRegen 1.18/turn    n - ring of wizardry
MPRegen 0.69/turn

%: wizardry (x1)
@: no status effects
A: fangs 1, strong nose, distributed training
a: Renounce Religion


You were on level 11 of the Dungeon.
You worshipped Vehumet.
Vehumet was extremely pleased with you.
You visited 4 branches of the dungeon, and saw 19 of its levels.
You also visited: Ossuary and Gauntlet.

You collected 2408 gold pieces.

Inventory:

Hand Weapons
 y - a +7 scythe of venom (weapon)
Missiles
 h - 4 throwing nets (quivered)
Armour
 c - a +1 hat of see invisible (worn)
 t - a +1 pair of gloves (worn)
 J - a +0 pair of boots (worn)
 P - the +3 ring mail of Parlour Games (worn) {Regen+}
   (You found it on level 10 of the Dungeon)

   Regen:     It increases your rate of health regeneration.
Magical Staves
 b - the staff of poison "Vamuco" {rElec rPois rCorr Int+4 Stlth+}
   (You acquired it on level 1 of the Lair of Beasts)

   [staff of poison]

   Base accuracy: +5 Base damage: 5 Base attack delay: 1.2 This weapon's minimum
   attack delay (0.6) is reached at skill level 12.
   Int:       It affects your intelligence (+4).
   rElec:     It insulates you from electricity.
   rPois:     It protects you from poison.
   rCorr:     It protects you from acid and corrosion.
   Stlth:     It makes you more stealthy.
   It falls into the 'Staves' category.
   It is a one-handed weapon.
Jewellery
 e - a +5 ring of evasion
 g - the ring "Tute" (left hand) {MP+9 Str+4 Stlth+}
   (You took it off a minotaur in a Gauntlet)

   [ring of magical power]

   Str:       It affects your strength (+4).
   MP:        It affects your magic capacity (+9).
   Stlth:     It makes you more stealthy.
 n - a ring of wizardry (right hand)
 z - a ring of fire
 C - the amulet "Tebogeuma" (around neck) {RegenMP rPois MP+9}
   (You found it on level 5 of the Dungeon)

   [amulet of magic regeneration]

   It increases your rate of magic regeneration.
   rPois:     It protects you from poison.
   MP:        It affects your magic capacity (+9).
Wands
 d - a wand of polymorph (4)
 o - a wand of mindburst (5)
 x - a wand of flame (54)
 H - a wand of charming (7)
 Q - a wand of digging (4)
Scrolls
 a - 2 scrolls of blinking
 i - a scroll of silence
 m - 7 scrolls of teleportation
 E - 2 scrolls of magic mapping
 M - a scroll of torment {unknown}
 N - 3 scrolls of fog
 V - a scroll of poison {unknown}
 X - 2 scrolls of noise
Potions
 f - 5 potions of haste
 j - 4 potions of heal wounds
 l - 3 potions of might
 p - 4 potions of brilliance
 A - 2 potions of invisibility
 B - 7 potions of flight
 D - 3 potions of attraction
 G - 2 potions of resistance
 I - 2 potions of curing
 L - 4 potions of mutation
 U - 3 potions of lignification
 W - 8 potions of ambrosia


   Skills:
 + Level 10.2 Fighting
 + Level 9.8 Short Blades
 + Level 10.2 Long Blades
 + Level 9.8 Axes
 + Level 11.7 Maces & Flails
 + Level 9.8 Polearms
 + Level 9.8 Staves
 + Level 9.8 Ranged Weapons
 + Level 9.8 Throwing
 + Level 10.8 Armour
 + Level 10.8 Dodging
 + Level 10.1 Stealth
 + Level 9.8 Shields
 + Level 9.8 Unarmed Combat
 + Level 9.8 Spellcasting
 + Level 8.2 Conjurations
 + Level 8.2 Hexes
 + Level 8.2 Summonings
 + Level 8.2 Necromancy
 + Level 8.2 Translocations
 + Level 8.2 Transmutations
 + Level 8.2 Fire Magic
 + Level 8.2 Ice Magic
 + Level 8.2 Air Magic
 + Level 8.2 Earth Magic
 + Level 8.2 Poison Magic
 + Level 10.7 Invocations
 + Level 9.8 Evocations


You had 4 spell levels left.
You knew the following spells:

 Your Spells              Type           Power      Damage    Failure   Level
a - Magic Dart            Conj           100%       1d8       1%          1
b - Mephitic Cloud        Conj/Pois/Air  30%        N/A       1%          3
c - Lee's Rapid Deconstr  Erth           15%        3d10*     1%          5
d - Iskenderun's Mystic   Conj/Tloc      30%        2d8       1%          4
e - Stone Arrow           Conj/Erth      60%        3d10      1%          3
f - Iskenderun's Battles  Conj           30%        2d8       1%          5
g - Orb of Destruction    Conj           15%        9d7       41%         7

Your spell library contained the following spells:

 Spells                   Type           Power      Damage    Failure   Level
 Olgreb's Toxic Radiance  Pois           30%        N/A       1%          4
 Apportation              Tloc           60%        N/A       1%          1
 Cigotuvi's Dreadful Rot  Necr/Pois/Air  60%        N/A       1%          2
 Poisonous Vapours        Pois/Air       60%        N/A       1%          2
 Scorch                   Fire           60%        2d7       1%          2
 Frozen Ramparts          Ice            60%        1d10      1%          3
 Ignite Poison            Fire/Tmut/Pois 30%        N/A       1%          3
 Volatile Blastmotes      Fire/Tloc      60%        2d15      1%          3
 Flame Wave               Conj/Fire      30%        2d9       1%          4
 Fulminant Prism          Conj/Hex       15%        3d10      1%          4
 Sticky Flame             Conj/Fire      30%        2d5       1%          4
 Ice Form                 Ice/Tmut       30%        N/A       2%          4
 Passage of Golubria      Tloc           30%        N/A       2%          4
 Summon Ice Beast         Ice/Summ       30%        N/A       2%          4
 Freezing Cloud           Conj/Ice/Air   15%        6-21      1%          5
 Alistair's Intoxication  Tmut/Pois      20%        N/A       6%          5
 Silence                  Hex/Air        15%        N/A       6%          5
 Ignition                 Fire           15%        3d6       94%         8
 Lehudib's Crystal Spear  Conj/Erth      15%        10d5      94%         8


Dungeon Overview and Level Annotations

Branches:
Dungeon (11/15)            Temple (1/1) D:6            Lair (5/5) D:9
 Shoals (0/4) Lair:3        Snake (0/4) Lair:3        Slime (0/5) Lair:5
    Orc (2/2) D:9             Elf (0/3) Orc:2       Ossuary (visited)
Gauntlet (visited)

Altars:
Ashenzari
Cheibriados
Elyvilon
Fedhas
Gozag
Hepliaklqana
Kikubaaqudgha
Makhleb
Nemelex Xobeh
Okawaru
Ru
Sif Muna
Trog
Uskayaw
Vehumet
Wu Jian
Xom
Yredelemnul
Zin
The Shining One

Shops:
D:3 [   D:6 !   Orc:2 [!:*


Innate Abilities, Weirdness & Mutations

You have very sharp teeth.
Your uncanny sense of smell can sniff out nearby items.
Your experience applies equally to all skills.


Message History

You feel your power returning.
You barely miss the wyvern. The wyvern closely misses you.
The wyvern bites you.
You barely miss the wyvern. Your bite misses the wyvern. The wyvern bites you.
You barely miss the wyvern. The wyvern bites you! The wyvern bites you.
You barely miss the wyvern. You bite the wyvern, but do no damage.
The wyvern hisses menacingly.
The wyvern closely misses you.
You closely miss the wyvern. Your bite misses the wyvern.
The wyvern barely misses you. The wyvern completely misses you.
You closely miss the wyvern. The wyvern bites you.
You slash the wyvern!
The wyvern is poisoned.
You bite the wyvern, but do no damage.
The wyvern is heavily wounded.
The wyvern misses you. The wyvern bites you!
You puncture the wyvern!
You kill the wyvern!
Vehumet accepts your kill.
You see here a wyvern corpse.
You now have 2390 gold pieces (gained 18).
You now have 2408 gold pieces (gained 18).
A cyclops comes into view.
The cyclops shouts!
A cyclops is nearby!
The cyclops throws a large rock.
The large rock hits you!! The cyclops hits you!!
You puncture the cyclops!
The cyclops is moderately wounded.
The cyclops hits you!
You slash the cyclops!
The cyclops is poisoned.
You bite the cyclops, but do no damage.
The cyclops is heavily wounded.
You slash the cyclops!
The cyclops looks as sick as possible!
The cyclops is severely wounded.
The cyclops hits you!!
* * * LOW HITPOINT WARNING * * *
You hit the cyclops.
The cyclops looks as sick as possible!
The cyclops is almost dead.
The cyclops hits you!!
You die...

#.....# ## #.##.#....##
#......# ##....##...#####
........# #..##....)†....#
############.#...##.......#
......####.......##
#...............
#.............##
#########..#####...####
#.....C@..## ###.#
.....###### #.# ... ... .
.... ..... .....


You could see a cyclops (extremely poisoned).

Vanquished Creatures
  Gastronok (D:9)
  Nessos (Lair:4)
  A minotaur (Gauntlet)
  Harold (Orc:1)
  A hydra (Lair:4)
  3 catoblepae (Lair:5)
  A ghost crab (Gauntlet)
  2 two-headed ogres
  16 death yaks
  Sonja (Lair:1)
  2 skysharks
  4 orc knights (Orc:2)
  An orc sorcerer (Orc:2)
  2 manticores (Lair:5)
  A cyclops (D:11)
  6 black mambas
  3 elephants (Lair:4)
  9 cane toads
  An ice statue (Gauntlet)
  4 rime drakes
  A kobold demonologist (D:10)
  2 minotaur zombies (Gauntlet)
  3 komodo dragons
  An unseen horror (D:10)
  A tengu conjurer (D:10)
  A troll (Orc:2)
  A queen bee (Gauntlet)
  A polar bear (Lair:5)
  6 dream sheep (Lair:5)
  13 blink frogs
  Sigmund (D:3)
  3 shadows
  A wraith (D:11)
  39 yaks
  3 wyverns
  4 basilisks
  Grum (D:9)
  2 steam dragons
  3 nagas (Lair:3)
  2 acid dragons
  21 water moccasins
  24 orc warriors
  An ice beast (D:7)
  8 ogres
  A black bear (D:6)
  2 sky beasts
  11 wolves
  22 centaurs
  A phantom (D:5)
  2 kobold brigands (D:9)
  12 bullfrogs
  An elf zombie (Ossuary)
  2 gnoll sergeants
  2 scorpions
  4 wights (D:7)
  29 killer bees
  A howler monkey (D:9)
  An electric eel (D:10)
  3 centaur zombies (Ossuary)
  3 hounds
  A jelly (D:8)
  3 gnoll boudas
  A human zombie (Ossuary)
  8 orc priests
  5 iguanas
  Terence (D:3)
  12 orc wizards
  2 mummies (Ossuary)
  21 gnolls
  8 adders
  2 shadow imps
  3 white imps (D:6)
  An ufetubus (D:5)
  2 adder zombies (Ossuary)
  2 worms
  2 dart slugs
  52 orcs
  7 ball pythons
  13 endoplasms
  7 giant cockroaches
  6 goblins
  6 hobgoblins
  8 jackals
  4 quokkas
  6 bats
  7 frilled lizards
  A goblin zombie (Ossuary)
  11 hobgoblin zombies (Ossuary)
  2 jackal zombies (Ossuary)
  20 kobolds
  8 kobold zombies (Ossuary)
  6 orc zombies (Ossuary)
  3 rats
  2 rat zombies (Ossuary)
544 creatures vanquished.

Vanquished Creatures (collateral kills)
  A killer bee (Lair:1)
1 creature vanquished.

Vanquished Creatures (others)
  A queen bee (Lair:1)
  A yak (D:9)
  4 killer bees (Lair:1)
6 creatures vanquished.

Grand Total: 551 creatures vanquished

Notes
Turn   | Place    | Note
-------+----------+-------------------------------------------
     0 | D:1      | zazu2006 the Gnoll Wanderer began the quest for the Orb.
     0 | D:1      | zazu2006 set off with the following items: a +2 mace, a +0
                  | falchion, a +0 scale mail, a potion of curing.
     0 | D:1      | Reached XP level 1. HP: 17/17 MP: 1/1
   140 | D:1      | Reached XP level 2. HP: 23/23 MP: 2/2
  1009 | D:2      | Reached XP level 3. HP: 28/28 MP: 3/3
  1136 | D:2      | Reached skill level 1 in Invocations
  1146 | D:2      | Reached skill level 1 in Short Blades
  1146 | D:2      | Reached skill level 1 in Axes
  1146 | D:2      | Reached skill level 1 in Polearms
  1146 | D:2      | Reached skill level 1 in Staves
  1146 | D:2      | Reached skill level 1 in Ranged Weapons
  1146 | D:2      | Reached skill level 1 in Throwing
  1146 | D:2      | Reached skill level 1 in Shields
  1146 | D:2      | Reached skill level 1 in Unarmed Combat
  1146 | D:2      | Reached skill level 1 in Spellcasting
  1146 | D:2      | Reached skill level 1 in Evocations
  1468 | D:2      | Reached XP level 4. HP: 34/34 MP: 5/5
  1698 | D:3      | Reached skill level 1 in Conjurations
  1698 | D:3      | Reached skill level 1 in Hexes
  1698 | D:3      | Reached skill level 1 in Summonings
  1698 | D:3      | Reached skill level 1 in Necromancy
  1698 | D:3      | Reached skill level 1 in Translocations
  1698 | D:3      | Reached skill level 1 in Transmutations
  1698 | D:3      | Reached skill level 1 in Fire Magic
  1698 | D:3      | Reached skill level 1 in Ice Magic
  1698 | D:3      | Reached skill level 1 in Air Magic
  1698 | D:3      | Reached skill level 1 in Earth Magic
  1698 | D:3      | Reached skill level 1 in Poison Magic
  1866 | D:3      | Found a faded altar of an unknown god.
  1993 | D:3      | Found Jisizoc's Antique Armour Boutique.
  2119 | D:3      | Reached XP level 5. HP: 24/40 MP: 5/7
  2222 | D:3      | Identified the +10 sling "Utaqab" {flame, Str+6 Stlth-}
  2456 | D:3      | Noticed Sigmund
  2471 | D:3      | Killed Sigmund
  2472 | D:3      | Reached skill level 5 in Armour
  2472 | D:3      | Reached skill level 5 in Dodging
  2472 | D:3      | Reached XP level 6. HP: 24/47 MP: 7/9
  2592 | D:3      | Noticed Terence
  2604 | D:3      | Killed Terence
  3118 | D:4      | Found a sparkling altar of Nemelex Xobeh.
  3177 | D:4      | Reached skill level 7 in Maces & Flails
  3177 | D:4      | Reached XP level 7. HP: 38/52 MP: 10/10
  3711 | D:5      | Entered Level 5 of the Dungeon
  3984 | D:5      | Found a blossoming altar of Fedhas.
  3985 | D:5      | Found an opulent altar of Gozag.
  3995 | D:5      | Found a sacrificial altar of Ru.
  4018 | D:5      | Found a shimmering altar of Xom.
  4018 | D:5      | Found an ancient bone altar of Kikubaaqudgha.
  4021 | D:5      | Identified the amulet "Tebogeuma" {RegenMP rPois MP+9}
  4235 | D:5      | Reached XP level 8. HP: 60/60 MP: 12/12
  4523 | D:6      | Found Quba's Distillery.
  4662 | D:6      | Found a sand-covered staircase.
  4673 | Ossuary  | Entered an ossuary
  5237 | D:6      | Found a staircase to the Ecumenical Temple.
  5249 | Temple   | Entered the Ecumenical Temple
  5404 | Temple   | Became a worshipper of Vehumet
  5523 | D:7      | Reached XP level 9. HP: 66/66 MP: 14/14
  5657 | D:7      | Reached skill level 5 in Fighting
  5657 | D:7      | Reached skill level 5 in Long Blades
  5689 | D:7      | Reached skill level 5 in Stealth
  5701 | D:7      | Reached skill level 8 in Maces & Flails
  5760 | D:7      | You fall into a shaft and drop 3 floors!
  5760 | D:10     | Entered Level 10 of the Dungeon
  5798 | D:10     | Reached skill level 5 in Invocations
  5973 | D:10     | Identified the +3 ring mail of Parlour Games {Regen+}
  6002 | D:10     | Identified the ring of Bistru Qeotox {Ice Int+4 Dex+5}
  6029 | D:10     | Noticed a kobold demonologist
  6032 | D:10     | Noticed a hellwing
  6040 | D:10     | Killed a kobold demonologist
  6118 | D:10     | Noticed a two-headed ogre
  6125 | D:10     | Killed a two-headed ogre
  6126 | D:10     | Reached skill level 5 in Short Blades
  6126 | D:10     | Reached skill level 5 in Axes
  6126 | D:10     | Reached skill level 5 in Polearms
  6126 | D:10     | Reached skill level 5 in Staves
  6126 | D:10     | Reached skill level 5 in Ranged Weapons
  6126 | D:10     | Reached skill level 5 in Throwing
  6126 | D:10     | Reached skill level 5 in Shields
  6126 | D:10     | Reached skill level 5 in Unarmed Combat
  6126 | D:10     | Reached skill level 5 in Spellcasting
  6126 | D:10     | Reached skill level 5 in Evocations
  6126 | D:10     | Reached XP level 10. HP: 73/76 MP: 17/17
  6522 | D:10     | Killed an unseen horror
  6931 | D:9      | Noticed Gastronok
  7188 | D:9      | Reached * piety under Vehumet
  7188 | D:9      | Offered knowledge of Magic Dart by Vehumet.
  7205 | D:9      | Learned a level 1 spell: Magic Dart
  7677 | D:9      | Found a staircase to the Lair.
  7920 | D:9      | Noticed Grum
  7945 | D:9      | Killed Grum
  8039 | D:9      | Reached ** piety under Vehumet
  8268 | D:9      | Found an iron altar of Okawaru.
  8273 | D:9      | Found a staircase to the Orcish Mines.
  8281 | D:9      | Offered knowledge of Foxfire by Vehumet.
  8282 | D:9      | Reached skill level 9 in Maces & Flails
  8336 | D:9      | Reached skill level 5 in Conjurations
  8336 | D:9      | Reached skill level 5 in Hexes
  8336 | D:9      | Reached skill level 5 in Summonings
  8336 | D:9      | Reached skill level 5 in Necromancy
  8336 | D:9      | Reached skill level 5 in Translocations
  8336 | D:9      | Reached skill level 5 in Transmutations
  8336 | D:9      | Reached skill level 5 in Fire Magic
  8336 | D:9      | Reached skill level 5 in Ice Magic
  8336 | D:9      | Reached skill level 5 in Air Magic
  8336 | D:9      | Reached skill level 5 in Earth Magic
  8336 | D:9      | Reached skill level 5 in Poison Magic
  8336 | D:9      | Reached XP level 11. HP: 36/83 MP: 20/20
  8477 | D:9      | Killed Gastronok
  9318 | D:8      | Found a glowing golden altar of the Shining One.
  9404 | D:8      | Identified a scroll of acquirement
  9518 | D:7      | Found a shimmering blue altar of Sif Muna.
  9559 | D:7      | Offered knowledge of Scorch by Vehumet.
  9863 | Lair:1   | Entered Level 1 of the Lair of Beasts
 10008 | Lair:1   | Found a gate leading to a gauntlet.
 10040 | Gauntlet | Entered a Gauntlet
 10040 | Gauntlet | Noticed a worldbinder
 10040 | Gauntlet | Found a transporter.
 10040 | Gauntlet | Found a transporter.
 10040 | Gauntlet | Found a transporter.
 10082 | Gauntlet | Found a transporter.
 10084 | Gauntlet | Found a transporter.
 10084 | Gauntlet | Noticed a tengu warrior
 10086 | Gauntlet | Found a transporter.
 10094 | Gauntlet | Found a transporter.
 10095 | Gauntlet | Found a transporter.
 10096 | Gauntlet | Found a transporter.
 10097 | Gauntlet | Found a transporter.
 10101 | Gauntlet | Noticed a ghost crab
 10104 | Gauntlet | Noticed a hell hog
 10105 | Gauntlet | Found a transporter.
 10106 | Gauntlet | Found a transporter.
 10335 | Gauntlet | Reached *** piety under Vehumet
 10363 | Gauntlet | Learned a level 4 spell: Iskenderun's Mystic Blast
 10391 | Gauntlet | Learned a level 5 spell: Lee's Rapid Deconstruction
 10424 | Gauntlet | Identified the amulet "Cilih" {RegenMP rPois Int+3}
 10453 | Gauntlet | Killed a ghost crab
 10458 | Gauntlet | Identified the +0 hat of Marbles {Will+ rCorr Int-5}
 10517 | Gauntlet | Identified the ring "Tute" {MP+9 Str+4 Stlth+}
 10517 | Gauntlet | Noticed a minotaur
 10535 | Gauntlet | Killed a minotaur
 10551 | Gauntlet | Identified the +2 double sword "Ewal" {freeze, rN+ Will+
                  | Int+4 Stlth+}
 10702 | Gauntlet | Reached XP level 12. HP: 44/91 MP: 22/22
 10754 | Lair:1   | Noticed Sonja
 10897 | Lair:1   | Learned a level 3 spell: Mephitic Cloud
 11019 | Lair:1   | Offered knowledge of Stone Arrow by Vehumet.
 11096 | Lair:1   | Learned a level 3 spell: Stone Arrow
 11250 | Lair:1   | Killed Sonja
 11261 | Lair:1   | Reached skill level 10 in Maces & Flails
 12003 | Lair:2   | Identified the +5 flail of Kuded {speed, rC+ rCorr}
 12067 | Lair:2   | Reached **** piety under Vehumet
 12509 | Lair:3   | Noticed a skyshark
 12519 | Lair:3   | Killed a skyshark
 12640 | Lair:3   | Offered knowledge of Iskenderun's Battlesphere by Vehumet.
 12787 | Lair:3   | Found a staircase to the Shoals.
 13076 | Lair:3   | Reached XP level 13. HP: 84/99 MP: 25/25
 13161 | Lair:3   | Found a staircase to the Snake Pit.
 13337 | Lair:3   | Learned a level 5 spell: Iskenderun's Battlesphere
 13542 | Lair:4   | Noticed Nessos
 13566 | Lair:4   | Killed Nessos
 13822 | Lair:4   | Reached ***** piety under Vehumet
 13921 | Lair:4   | Offered knowledge of Orb of Destruction by Vehumet.
 14370 | Lair:4   | Reached skill level 11 in Maces & Flails
 14370 | Lair:4   | Reached skill level 10 in Armour
 14370 | Lair:4   | Reached skill level 10 in Dodging
 14700 | Lair:5   | Entered Level 5 of the Lair of Beasts
 14700 | Lair:5   | Found a staircase to the Slime Pits.
 14985 | Lair:5   | Reached skill level 10 in Invocations
 14985 | Lair:5   | Reached XP level 14. HP: 67/108 MP: 27/27
 15266 | Lair:5   | Learned a level 7 spell: Orb of Destruction
 16283 | Lair:1   | Acquired the staff of poison "Vamuco" {rElec rPois rCorr
                  | Int+4 Stlth+}
 16285 | Lair:1   | Acquired 820 gold pieces
 16412 | Orc:1    | Entered Level 1 of the Orcish Mines
 16523 | Orc:1    | Noticed Harold
 16621 | Orc:1    | Killed Harold
 16720 | Orc:2    | Entered Level 2 of the Orcish Mines
 16821 | Orc:2    | Reached skill level 10 in Fighting
 16821 | Orc:2    | Reached skill level 10 in Long Blades
 16840 | Orc:2    | Found a staircase to the Elven Halls.
 16960 | Orc:2    | Reached skill level 10 in Stealth
 17142 | Orc:2    | Offered knowledge of Olgreb's Toxic Radiance by Vehumet.
 17656 | Orc:2    | Found Ugefi's Distillery.
 17656 | Orc:2    | Found Ruevais's Book Shoppe.
 17658 | Orc:2    | Found Xiariup's Armour Boutique.
 17660 | Orc:2    | Found Uheima's Assorted Antiques.
 18167 | D:11     | Slain by a cyclops

Illustrated notes

Levels and vault maps discovered:
D:1:      dpeg_arrival_oval, layout_basic, grunt_decor_arrowhead,
          columned_hall_lemuel
D:2:      layout_basic, corexii_item_surrounded_by_moat
D:3:      minmay_bubble_buster, layout_basic, serial_shops, shop,
          hellmonk_ecumenical_altar_zigzags, uniq_sigmund, uniq_terence
D:4:      layout_basic, lemuel_doored_altar
D:5:      layout_basic, grunt_temple_overflow_open
D:6:      layout_rooms, minmay_temple_entry_trees, serial_shops, shop,
          lightli_ossuary_entry_decrepit_ruins
D:7:      layout_cave_pools, old_standard_altar, minmay_diced_spiral
D:8:      layout_cave_pools, kennysheep_little_box,
          chequers_serial_rivers_room_a
D:9:      layout_stronghold, mainiacjoe_overflow_cross_hatched,
          due_lair_maze_entry_diamond, orc_0_dummy, grunt_ministairs_12,
          hangedman_decor_points, minmay_fountain_box, uniq_grum, uniq_gastronok
D:10:     layout_roguey, serial_bayou_ford_a
D:11:     layout_rooms
Temple:   oiseaux_autumnal_temple
Lair:1:   layout_gridlike, special_room [special_room_bee],
          gauntlet_entry_generic, st_stairs_8, uniq_sonja
Lair:2:   layout_cellular_growth, minivault_26
Lair:3:   layout_long_grid, elwin_shoals_entry_rocks,
          nicolae_snake_entry_squirm, grunt_megastairs_4
Lair:4:   layout_long_grid, uniq_nessos
Lair:5:   evilmike_catoblepas_cave, layout_long_grid, slime_entry_1,
          infiniplex_staircase_pool_2, serial_bayou_shore_b
Orc:1:    layout_caves, uniq_harold
Orc:2:    st_orc_rangers, layout_diamond_mine, basic_altar

Skill      XL: |  1  2  3  4  5  6  7  8  9 10 11 12 13 14 |
---------------+-------------------------------------------+-----
Invocations    | 1 2 3 4 5 6 7 8 10 | 10.7
Short Blades   | 1 2 3 5 6 7 8 9 |  9.8
Axes           | 1 2 3 5 6 7 8 9 |  9.8
Polearms       | 1 2 3 5 6 7 8 9 |  9.8
Staves         | 1 2 3 5 6 7 8 9 |  9.8
Ranged Weapons | 1 2 3 5 6 7 8 9 |  9.8
Throwing       | 1 2 3 5 6 7 8 9 |  9.8
Shields        | 1 2 3 5 6 7 8 9 |  9.8
Unarmed Combat | 1 2 3 5 6 7 8 9 |  9.8
Spellcasting   | 1 2 3 5 6 7 8 9 |  9.8
Evocations     | 1 2 3 5 6 7 8 9 |  9.8
Conjurations   | 1 2 3 4 5 6 7 8 |  8.2
Hexes          | 1 2 3 4 5 6 7 8 |  8.2
Summonings     | 1 2 3 4 5 6 7 8 |  8.2
Necromancy     | 1 2 3 4 5 6 7 8 |  8.2
Translocations | 1 2 3 4 5 6 7 8 |  8.2
Transmutations | 1 2 3 4 5 6 7 8 |  8.2
Fire Magic     | 1 2 3 4 5 6 7 8 |  8.2
Ice Magic      | 1 2 3 4 5 6 7 8 |  8.2
Air Magic      | 1 2 3 4 5 6 7 8 |  8.2
Earth Magic    | 1 2 3 4 5 6 7 8 |  8.2
Poison Magic   | 1 2 3 4 5 6 7 8 |  8.2
Fighting       | 3 4 5 6 7 8 9 10 | 10.2
Long Blades    | 3 4 5 6 7 8 9 10 | 10.2
Armour         | 5 6 7 8 9 10 | 10.8
Dodging        | 5 6 7 8 9 10 | 10.8
Stealth        | 3 4 5 6 7 8 9 10 | 10.1
Maces & Flails | 7 8 9 10 11 | 11.7

Action                     |  1- 3 |  4- 6 |  7- 9 | 10-12 | 13-15 || total
---------------------------+-------+-------+-------+-------+-------++-------
  Melee: Mace              |    70 |    95 |       |       |       ||   165
         Bite              |     4 |     8 |    38 |    65 |    70 ||   185
         Punch             |       |     3 |       |       |       ||     3
         Halberd           |       |    59 |   309 |   632 |   602 ||  1602
  Throw: Javelin           |    16 |     7 |       |     5 |       ||    28
         Throwing net      |       |       |       |     1 |       ||     1
   Cast: Magic Dart        |       |       |       |     3 |     9 ||    12
         Lee's Rapid Decon |       |       |       |     6 |       ||     6
         Stone Arrow       |       |       |       |    20 |    38 ||    58
         Mephitic Cloud    |       |       |       |    17 |    80 ||    97
         Iskenderun's Myst |       |       |       |     1 |       ||     1
  Evoke: Wand              |       |       |     1 |    14 |       ||    15
    Use: Potion            |       |     1 |       |     9 |       ||    10
         Scroll            |       |       |     9 |    12 |     9 ||    30
   Stab: Sleeping          |       |     4 |     4 |     7 |     1 ||    16
         Distracted        |       |       |     2 |     1 |       ||     3
         Invisible         |       |       |       |     2 |       ||     2
         Confused          |       |       |       |     7 |    44 ||    51
 Armour: Scale mail        |    19 |     2 |       |       |       ||    21
         Leather armour    |       |    33 |   104 |    80 |       ||   217
         Ring mail         |       |       |       |   238 |   224 ||   462
  Dodge: Dodged            |    43 |   146 |   311 |   955 |   414 ||  1869
